cohdb
Replays
Latest Replays
All Replays
Popular Replays
Top Player Replays
Match Explorer
How It Works
Community
CoH3 Stats
Reddit
Sign in to upload your games and track your stats! →
Sign in with Steam
Match 43828073
Unlisted
Match 43828073
Overview
Messages
Build Orders
End
Panzerpioneer Squad
250 Light Carrier
Selects Battlefield Espionage Battlegroup
Panzerpioneer Squad
Panzerpioneer Squad
Construct Light Support Kompanie
Fire Support Elements
MG34 Team
Selects 250/3 Funkpanzerwagen
Selects Sector Subterfuge Beacon
250 Light Carrier
Flakvierling Half-track
2.5-tonne Medical Truck
Pak 38 Mechanized Group
le.IG 18 Support Gun Team
Panzerpioneer Squad
MG34 Team
Selects Advanced Ambush Training
Construct Panzerarmee Kommand
Selects Operation Skorpion
250/3 Funkpanzerwagen
Flak 36 Anti-tank Gun Team
Panzerpioneer Squad
Panzerpioneer Squad
Armored Reserves
MG34 Team
Panzer IV Assault Group
Panzerpioneer Squad
Lord Tupalem of Campers
Moltke1871
Jadai
Stridswombat
0
0
Comments
sign in to comment!
No comments posted yet!